Map: Newkirk Precinct TE (Void)

Players

LiquidMaNa (MaNa) - Winner!

  • Race: Protoss Protoss
  • League: Grandmaster
  • Spawn Location: 7:00

PtitDrogo

  • Race: Protoss Protoss
  • League: Grandmaster
  • Spawn Location: 5:00

Event: NationWars IV

VOD

Have the link to the VOD?

Description

Time

  • Played on: Jan. 6, 2017, 3:40 p.m.
  • Length: 10:01
Show
View Real Time Build Order
Export as new Build Order

LiquidMaNa Protoss - Winner!

Build Orders:  

Get SALT Encoding   

  12  0:01  Probe (Chrono Boost)  
  13  0:11  Probe (Chrono Boost)  
  14  0:18  Pylon  
  14  0:22  Probe (Chrono Boost)  
  15  0:37  Probe (Chrono Boost), Gateway  
  16  0:44  Assimilator  
  16  0:48  Probe (Chrono Boost)  
  17  0:52  Assimilator  
  17  0:58  Probe (Chrono Boost)  
  18  1:06  Gateway  
  18  1:09  Probe (Chrono Boost)  
  19  1:19  Probe (Chrono Boost)  
  19  1:24  Cybernetics Core  
  20  1:30  Probe (Chrono Boost)  
  21  1:34  Pylon  
  21  1:40  Probe (Chrono Boost)  
  22  1:50  Warp Gate  
  22  1:51  Probe (Chrono Boost)  
  23  2:02  Mothership Core (Chrono Boost)  
  23  2:07  Stalker  
  27  2:08  Stalker  
  29  2:17  Pylon  
  29  2:27  Probe (Chrono Boost)  
  30  2:39  Probe (Chrono Boost)  
  30  2:40  Stalker x2  
  35  3:12  Sentry x2  
  39  3:14  Nexus  
  39  3:18  Pylon  
  39  3:32  Robotics Facility  
  39  3:36  Probe (Chrono Boost)  
  40  3:46  Twilight Council  
  40  3:47  Probe (Chrono Boost)  
  41  3:57  Probe (Chrono Boost)  
  42  4:08  Probe (Chrono Boost)  
  43  4:13  Pylon  
  43  4:18  Probe (Chrono Boost)  
  43  4:20  Observer  
  43  4:22  Blink  
  45  4:26  Probe (Chrono Boost)  
  45  4:29  Probe (Chrono Boost)  
  47  4:36  Probe (Chrono Boost)  
  47  4:37  Assimilator  
  48  4:39  Probe (Chrono Boost)  
  48  4:41  Immortal  
  53  4:47  Probe (Chrono Boost)  
  53  4:49  Assimilator  
  53  4:50  Probe (Chrono Boost)  
  55  4:58  Probe (Chrono Boost)  
  55  4:59  Pylon  
  56  5:00  Probe (Chrono Boost)  
  57  5:08  Probe (Chrono Boost)  
  57  5:11  Probe (Chrono Boost)  
  59  5:18  Immortal  
  59  5:19  Probe (Chrono Boost)  
  64  5:22  Probe (Chrono Boost)  
  64  5:24  Robotics Bay  
  65  5:29  Probe (Chrono Boost)  
  65  5:31  Pylon  
  65  5:32  Probe (Chrono Boost)  
  67  5:40  Probe (Chrono Boost), Gateway  
  68  5:49  Sentry  
  70  5:52  Warp Prism  
  70  5:55  Robotics Facility  
  72  6:09  Nexus  
  72  6:21  Pylon  
  72  6:24  Disruptor  
  72  6:26  Adept x2  
  79  6:36  Stalker  
  79  6:38  Disruptor  
  81  6:40  Gateway  
  81  6:41  Gateway  
  84  6:48  Stalker  
  84  6:52  Stalker  
  88  6:56  Disruptor  
  88  7:00  Pylon  
  91  7:05  Probe (Chrono Boost)  
  92  7:10  Pylon  
  92  7:11  Disruptor  
  88  7:19  Stalker x2  
  94  7:29  Disruptor  
  86  7:39  Probe (Chrono Boost)  
  83  7:45  Stalker x3  
  83  7:46  Warp Prism  
  87  7:56  Probe (Chrono Boost)  
  87  7:57  Probe x2 (Chrono Boost)  
  92  8:04  Pylon  
  92  8:06  Probe (Chrono Boost)  
  92  8:09  Probe x2 (Chrono Boost)  
  95  8:23  Stalker x3  
  95  8:24  Stalker  
  99  8:47  Stalker x5  
  102  8:51  Probe (Chrono Boost)  
  101  8:59  Probe (Chrono Boost)  
  101  9:01  Probe (Chrono Boost)  
  104  9:03  Probe (Chrono Boost)  
  104  9:11  Stalker x2  
  104  9:16  Pylon  
  108  9:18  Pylon x2, Observer  
  108  9:19  Pylon  
  108  9:21  Pylon  
  109  9:27  Observer  
  108  9:36  Observer  
  104  9:48  Stalker x4  
  104  9:49  Stalker  
Show
View Real Time Build Order
Export as new Build Order

PtitDrogo Protoss 

Build Orders:  

Get SALT Encoding   

  12  0:00  Probe (Chrono Boost)  
  13  0:11  Probe (Chrono Boost)  
  14  0:19  Pylon  
  14  0:22  Probe (Chrono Boost)  
  15  0:37  Probe (Chrono Boost), Gateway  
  15  0:41  Assimilator  
  16  0:47  Probe (Chrono Boost)  
  17  0:58  Probe (Chrono Boost)  
  17  0:59  Assimilator  
  18  1:08  Probe (Chrono Boost)  
  18  1:10  Gateway  
  19  1:19  Probe (Chrono Boost)  
  19  1:24  Cybernetics Core  
  20  1:29  Probe (Chrono Boost)  
  21  1:33  Pylon  
  21  1:40  Probe (Chrono Boost)  
  22  1:47  Warp Gate  
  22  1:51  Probe (Chrono Boost)  
  23  2:00  Stalker x2  
  27  2:12  Mothership Core (Chrono Boost)  
  29  2:17  Pylon  
  29  2:31  Probe (Chrono Boost)  
  30  2:40  Stalker x2  
  30  2:43  Probe (Chrono Boost)  
  35  3:07  Nexus  
  35  3:12  Sentry  
  37  3:27  Probe (Chrono Boost)  
  37  3:29  Robotics Facility  
  37  3:35  Pylon  
  37  3:39  Probe (Chrono Boost)  
  38  3:50  Probe (Chrono Boost)  
  38  3:53  Stalker, Sentry  
  43  4:01  Probe (Chrono Boost)  
  44  4:06  Twilight Council  
  44  4:12  Probe (Chrono Boost)  
  44  4:15  Observer  
  45  4:20  Probe (Chrono Boost), Phoenix  
  45  4:24  Probe (Chrono Boost)  
  48  4:28  Blink  
  48  4:30  Probe (Chrono Boost)  
  49  4:36  Probe (Chrono Boost)  
  50  4:41  Probe (Chrono Boost)  
  50  4:44  Immortal  
  51  4:48  Probe (Chrono Boost)  
  51  4:52  Probe (Chrono Boost)  
  57  4:54  Pylon  
  57  4:59  Assimilator  
  58  5:00  Probe (Chrono Boost)  
  58  5:02  Assimilator  
  58  5:04  Probe (Chrono Boost)  
  59  5:12  Probe (Chrono Boost)  
  60  5:16  Probe (Chrono Boost)  
  60  5:18  Immortal  
  61  5:24  Probe (Chrono Boost)  
  61  5:28  Probe (Chrono Boost), Pylon  
  67  5:31  Phoenix  
  67  5:34  Gateway  
  67  5:35  Gateway  
  68  5:36  Probe (Chrono Boost)  
  68  5:41  Probe (Chrono Boost)  
  69  5:47  Sentry x2  
  69  5:48  Probe (Chrono Boost)  
  74  5:54  Probe (Chrono Boost)  
  74  5:56  Warp Prism  
  75  6:00  Probe (Chrono Boost)  
  75  6:01  Pylon  
  78  6:09  Nexus  
  78  6:12  Pylon  
  78  6:20  Sentry x2  
  78  6:21  Pylon  
  82  6:30  Gateway x2  
  82  6:36  Stalker  
  82  6:37  Stalker  
  86  6:46  Stalker x2  
  92  6:55  Probe x2 (Chrono Boost), Pylon  
  92  7:01  Sentry  
  92  7:05  Stalker  
  92  7:06  Stalker  
  92  7:07  Stalker  
  101  7:10  Probe (Chrono Boost)  
  83  7:26  Stalker  
  81  7:33  Stalker x3  
  61  7:47  Warp Prism  
  61  7:48  Stalker x2  
  60  7:53  Dark Shrine  
  60  7:56  Stalker x4  
  70  8:00  Probe (Chrono Boost)  
  70  8:01  Probe x2 (Chrono Boost)  
  73  8:11  Stalker, Pylon  
  73  8:12  Pylon  
  75  8:14  Stalker  
  75  8:18  Probe x2 (Chrono Boost)  
  75  8:33  Stalker x3  
  75  8:34  Stalker  
  57  8:51  Stalker x2  
  57  8:55  Stalker  
  63  8:56  Stalker x2  
  51  9:12  Dark Templar  
  51  9:15  Dark Templar x2  
  51  9:16  Immortal  
  56  9:32  Dark Templar  
  46  9:45  Stalker x2  
  38  9:47  Stalker x2  
Tags
 
Add a new tag
Caveats
  • Supply blocks, unpowered buildings, or Contaminate may cause inaccurate times.
  • Supply counts are checked every 10 seconds.